 Dungeon Crawl Stone Soup version 0.30-a0-715-gdb4ae3ece1 (webtiles) character file.

Game seed: 66030787779395435

51217 browni3141 the Impaler (level 14, -10/132 HPs)
             Began as a Naga Summoner on Jan 24, 2023.
             Was an Initiate of Yredelemnul.
             Killed from afar by a ynoxinul (23 damage)
             ... with an iron shot
             ... on level 5 of the Lair of Beasts.
             The game lasted 00:50:39 (16973 turns).

browni3141 the Impaler (Naga Summoner)             Turns: 16973, Time: 00:50:40

Health: -10/132    AC: 15    Str: 16    XL:     14   Next: 58%
Magic:  24/35      EV:  8    Int: 26    God:    Yredelemnul [......]
Gold:   1058       SH:  0    Dex: 18    Spells: 5/30 levels left

rFire   + . .      SeeInvis +    M - +2 halberd (freeze)
rCold   + + +      Faith    .    (shield currently unavailable)
rNeg    + + .      Spirit   .    N - +2 robe {rC+}
rPois   +          Reflect  .    T - +1 helmet of New Discoveries {Drain rC+ rN+ Str+2}
rElec   .          Harm     .    C - scarf {rC+ rF+}
rCorr   +          Rampage  .    V - +0 pair of gloves
Will    +....                    z - +1 barding "Xeox" {Dex+5}
Stlth   +                        l - amulet of regeneration
HPRegen 0.00/turn                O - ring "Lonun" {rCorr Str+2 Int+6}
MPRegen 0.24/turn                o - ring of Brilliance {rN+ MP+9 Dex+2 Stlth-}

@: sick, very slow
A: AC +4, large, see invisible, deformed body, poison resistance, slowness 2,
spit poison 1, naga tail 2
a: Spit Poison, Renounce Religion, Recall Undead Harvest


You were on level 5 of the Lair of Beasts.
You worshipped Yredelemnul.
Yredelemnul was pleased with you.
You visited 4 branches of the dungeon, and saw 18 of its levels.
You also visited: Ice Cave.

You collected 1058 gold pieces.

Inventory:

Hand Weapons
 a - the +10 whip of the Bursted God {flame, rPois rF+}
   (You found it on level 6 of the Dungeon)

   rF:        It protects you from fire.
   rPois:     It protects you from poison.
 L - a +3 trident
 M - a +2 halberd of freezing (weapon)
Missiles
 I - 5 curare-tipped darts
Armour
 r - a +2 cloak
 z - the +1 barding "Xeox" (worn) {Dex+5}
   (You acquired it on level 6 of the Dungeon)

   Dex:       It affects your dexterity (+5).
 C - a scarf of resistance (worn)
 N - a +2 robe of cold resistance (worn)
 T - the +1 helmet of New Discoveries (worn) {Drain rC+ rN+ Str+2}
   (You acquired it on level 11 of the Dungeon)

   Str:       It affects your strength (+2).
   rC:        It protects you from cold.
   rN:        It protects you from negative energy.
   Drain:     It drains your maximum health when unequipped.
 V - a +0 pair of gloves (worn)
Jewellery
 l - an amulet of regeneration (around neck)
 o - the ring of Brilliance (right hand) {rN+ MP+9 Dex+2 Stlth-}
   (You acquired it on level 6 of the Dungeon)

   [ring of magical power]

   Dex:       It affects your dexterity (+2).
   rN:        It protects you from negative energy.
   MP:        It affects your magic capacity (+9).
   Stlth:     It makes you less stealthy.
 q - a ring of willpower
 K - a ring of protection from fire
 O - the ring "Lonun" (left hand) {rCorr Str+2 Int+6}
   (You took it off an orc wizard on level 8 of the Dungeon)

   [ring of intelligence]

   Str:       It affects your strength (+2).
   Int:       It affects your intelligence (+6).
   rCorr:     It protects you from acid and corrosion.
 R - a ring of magical power
Wands
 e - a wand of flame (18)
 x - a wand of roots (12)
 B - a wand of mindburst (22)
 D - a wand of light (3)
 G - a wand of charming (8)
Scrolls
 f - 2 scrolls of blinking
 i - a scroll of enchant armour
 j - 3 scrolls of vulnerability
 k - 9 scrolls of teleportation
 m - a scroll of magic mapping
 n - 6 scrolls of immolation
 s - 5 scrolls of amnesia {unknown}
 E - 6 scrolls of poison {unknown}
 F - 2 scrolls of fog
 H - 3 scrolls of identify
 J - a scroll of fear
 U - 3 scrolls of enchant weapon {unknown}
 Z - 2 scrolls of torment {unknown}
Potions
 c - 10 potions of degeneration
 d - 4 potions of curing
 g - 2 potions of mutation
 h - 2 potions of lignification {unknown}
 p - 2 potions of berserk rage {unknown}
 t - 2 potions of resistance
 u - 4 potions of might {unknown}
 v - 2 potions of attraction {unknown}
 w - 2 potions of heal wounds {unknown}
 y - 2 potions of magic
 A - 2 potions of invisibility
 P - 3 potions of haste {unknown}
 Q - 2 potions of flight {unknown}
 W - a potion of cancellation {unknown}
 Y - 4 potions of brilliance {unknown}
Miscellaneous
 b - a lightning rod (4/4)
 S - a condenser vane (inert)


   Skills:
 - Level 10.0 Fighting
 * Level 15.1 Polearms
 - Level 1.5 Dodging
 - Level 3.0 Stealth
 - Level 8.6 Spellcasting
 - Level 2.0 Hexes
 - Level 8.8 Summonings
 - Level 5.0 Air Magic
 - Level 5.0 Poison Magic
 * Level 12.2 Invocations


You had 5 spell levels left.
You knew the following spells:

 Your Spells              Type           Power      Damage    Failure   Level
a - Summon Small Mammal   Summ           100%       N/A       1%          1
b - Call Imp              Summ           54%        N/A       1%          2
c - Call Canine Familiar  Summ           54%        N/A       1%          3
d - Summon Guardian Gole  Hex/Summ       39%        N/A       1%          3
e - Summon Lightning Spi  Summ/Air       47%        N/A       3%          4
f - Swiftness             Air            37%        N/A       1%          3
g - Passwall              Tmut/Erth      9%         N/A       9%          2
h - Olgreb's Toxic Radia  Pois           37%        N/A       7%          4
i - Mephitic Cloud        Conj/Pois/Air  28%        N/A       4%          3

Your spell library contained the following spells:

 Spells                   Type           Power      Damage    Failure   Level
 Shock                    Conj/Air       96%        1d9       1%          1
 Sting                    Tmut/Pois      96%        1d7       1%          1
 Poisonous Vapours        Pois/Air       74%        N/A       1%          2
 Freeze                   Ice            44%        1d6       5%          1
 Magic Dart               Conj           44%        1d5       5%          1
 Ensorcelled Hibernation  Hex/Ice        32%        N/A       5%          2
 Tukima's Dance           Hex            21%        N/A       7%          3
 Sublimation of Blood     Necr           11%        N/A       9%          2
 Wereblood                Tmut           11%        N/A       9%          2
 Animate Armour           Summ/Erth      68%        N/A       9%          4
 Frozen Ramparts          Ice            22%        1d4       16%         3
 Hailstorm                Conj/Ice       11%        3d5       16%         3
 Summon Mana Viper        Hex/Summ       39%        N/A       16%         5
 Summon Forest            Summ/Tloc      17%        N/A       24%         5
 Anguish                  Hex/Necr       8%         N/A       34%         4
 Petrify                  Tmut/Erth      11%        N/A       47%         4
 Metabolic Englaciation   Hex/Ice        8%         N/A       69%         5
 Fireball                 Conj/Fire      5%         3d5       83%         5
 Iskenderun's Battlesphe  Conj           11%        2d7       83%         5
 Summon Cactus Giant      Summ           27%        N/A       22%         6
 Summon Hydra             Summ           27%        N/A       77%         7
 Conjure Ball Lightning   Conj/Air       12%        3x3d6     96%         6
 Statue Form              Tmut/Erth      7%         N/A       100%        6
 Orb of Destruction       Conj           5%         9d5       100%        7
 Shatter                  Erth           5%         3d8*      100%        9


Dungeon Overview and Level Annotations

Branches:
Dungeon (11/15)            Temple (1/1) D:7            Lair (5/5) D:8
 Shoals (1/4) Lair:3        Snake (0/4) Lair:3        Slime (0/5) Lair:4
    Orc (0/2) D:11          IceCv (visited)

Altars:
Ashenzari
Cheibriados
Dithmenos
Elyvilon
Fedhas
Gozag
Hepliaklqana
Kikubaaqudgha
Makhleb
Nemelex Xobeh
Okawaru
Qazlal
Ru
Sif Muna
Trog
Uskayaw
Vehumet
Wu Jian
Xom
Yredelemnul
Zin
The Shining One

Annotations:
D:7 2 transporters, Palms's ghost, novice OpEE
D:9 2 transporters, Nabski's ghost, novice TeFE
Lair:5 exclusion: hydra


Innate Abilities, Weirdness & Mutations

Your serpentine skin is tough. (AC +4)
You have supernaturally acute eyesight. (SInv)
Armour fits poorly on your strangely shaped body.
Your system is resistant to poisons. (rPois)
You cover ground very slowly.
You can spit poison.
You can use your snake-like lower body to constrict enemies.


Message History

You kill the ufetubus!
The ufetubus disappears in a puff of smoke!
Your wolf closely misses the ufetubus.
The ufetubus closely misses your wolf. x2
The ufetubus misses your wolf. x2
Your lightning spire shoots out a bolt of lightning at the ufetubus!
The bolt of electricity hits the ufetubus!
The ufetubus dies!
The ufetubus disappears in a puff of smoke!
Your wolf barely misses the ynoxinul.
Reach: M) +2 halberd (freeze)
Press: ? - help, Dir - move target, f/p - ynoxinul
Aim: a ynoxinul (ally target, about 30% to evade your +2 halberd of freezing)
You reach to attack!
You closely miss the ynoxinul. The ufetubus barely misses your wolf.
The ufetubus closely misses your wolf.
Your wolf bites the ynoxinul.
The ufetubus hits your wolf. The ufetubus closely misses your wolf.
Reach: M) +2 halberd (freeze)
Press: ? - help, Dir - move target, f/p - ynoxinul
Aim: a ynoxinul (lightly wounded, ally target, about 30% to evade your +2 halberd of freezing)
You hit the ynoxinul. You grab the ynoxinul.
The ynoxinul is lightly wounded.
You constrict the ynoxinul.
Your wolf bites the ynoxinul but does no damage.
The ynoxinul hits you!
* * * LOW HITPOINT WARNING * * *
Your lightning spire shoots out a bolt of lightning at the ynoxinul!
The bolt of electricity hits the ynoxinul.
The ynoxinul resists.
The ufetubus completely misses your wolf.
The ufetubus closely misses your wolf.
Reach: M) +2 halberd (freeze)
Press: ? - help, Dir - move target, f/p - ynoxinul
Aim: a ynoxinul (moderately wounded, constricted by you, ally target, about 8% to evade your +2 halberd of freezing)
You slash the ynoxinul! You freeze the ynoxinul.
The ynoxinul is severely wounded.
You constrict the ynoxinul.
Your wolf bites the ynoxinul.
The ynoxinul gestures at you. The iron shot hits you!!
You die...
Your body rises from the dead as a mindless zombie.

###........♣♣♣♣..÷
♣♣.....♣
##......###♣♣♣♣÷÷♣
♣..♣♣..♣♣
........# ♣.♣..♣
♣..♣♣..)♣
##.#...##♣ ♣....♣♣
♣♣.♣♣♣♣ZZ♣
#...#..Z.#♣
♣÷....♣ ♣..♣♣ ♣♣Z♣
.......Z..♣
♣.5.♣.♣ ♣♣..♣ ♣♣Z♣
..P.P..##.♣
♣♣§h..♣ ♣..♣ ♣ZZ♣
....#..#### ♣.83♣♣
♣..♣ ♣.♣♣
........# ♣♣♣@♣♣
♣♣.♣♣♣.♣♣
#.#....## ♣..♣♣♣
♣...♣...♣
.......##
♣..♣.♣♣♣♣ZZ....♣
........#
♣[...Z♣♣..♣...♣♣
.......##
♣♣♣.♣ZZZZ♣♣♣..♣
........#
#♣♣♣♣♣♣♣Z.♣♣ ♣..♣
.......## ##..♣♣
♣♣♣♣ ♣.♣♣
.###P.P##
#.#..♣♣♣♣♣♣♣♣ ♣.♣
##.#....##
#...§≈≈§..♣.♣ ♣♣♣


You could see a ynoxinul (ally target), an ufetubus (summoned), a friendly wolf
(summoned) and a friendly lightning spire (summoned).

Vanquished Creatures
  Fannar (D:11)
  An ice dragon (Lair:4)
  Erica (D:8)
  3 death yaks (Lair:4)
  2 two-headed ogres (D:8)
  A thrashing horror (Lair:5)
  Amaemon (D:8)
  A wizard (D:10)
  2 ugly things (Lair:5)
  A deep elf pyromancer (D:10)
  9 elephants (Lair:3)
  A merfolk siren (Lair:3)
  An ice statue (IceCv)
  A smoke demon (Lair:5)
  Maggie (D:7)
  A komodo dragon (Lair:4)
  5 cane toads
  A rime drake (Lair:4)
  An anaconda simulacrum (IceCv)
  An ancient zyme (Lair:5)
  2 polar bears
  A hornet (D:8)
  10 blink frogs (Lair:5)
  A blink frog (shapeshifter) (Lair:5)
  2 dream sheep (Lair:3)
  22 yaks
  A vampire (D:8)
  A fire bat (Lair:5)
  7 basilisks
  2 wyverns
  3 chaos spawn (Lair:5)
  A harpy simulacrum (IceCv)
  2 nagas (Lair:3)
  4 water moccasins
  4 acid dragons
  A floating eye (shapeshifter) (Lair:5)
  2 orc warriors
  An ice beast (D:5)
  2 sky beasts
  An ogre (D:5)
  8 wolves
  3 centaurs
  A phantom (D:6)
  A kobold brigand (D:8)
  13 bullfrogs
  A cane toad simulacrum (IceCv)
  3 necrophages
  A scorpion (D:5)
  9 wights
  A polar bear zombie (Lair:4)
  6 killer bees (D:8)
  2 howler monkeys
  4 crimson imps (D:6)
  A wolf zombie (Lair:4)
  5 small abominations (Lair:5)
  2 jellies
  2 hounds
  4 orc priests
  8 orc wizards
  A wolf simulacrum (IceCv)
  A gnoll (D:1)
  An adder (D:6)
  3 dart slugs
  23 orcs
  4 ball pythons
  4 bats
  8 endoplasms
  2 giant cockroaches (D:4)
  4 goblins
  4 hobgoblins
  3 jackals
  3 quokkas
  2 frilled lizards
  6 kobolds
  6 rats
256 creatures vanquished.

Vanquished Creatures (collateral kills)
  Gastronok (Lair:2)
  2 hydras
  2 death yaks (Lair:4)
  A thrashing horror (Lair:5)
  A deep elf pyromancer (D:10)
  3 oklob plants (Lair:4)
  2 ugly things
  7 elephants (Lair:3)
  2 black mambas
  A cane toad (Lair:4)
  A demonic crawler (Lair:2)
  A torpor snail (Lair:2)
  An ice statue (IceCv)
  A gargoyle (D:11)
  Psyche (D:8)
  A rime drake (Lair:1)
  2 polar bears
  A troll (D:11)
  5 blink frogs
  5 dream sheep (Lair:3)
  4 small abominations (Lair:5)
  A large abomination (Lair:5)
  A shadow (D:11)
  A basilisk (Lair:5)
  A wyvern (Lair:2)
  A human (shapeshifter) (D:8)
  A fire bat (Lair:5)
  12 yaks
  An acid dragon (D:10)
  A naga (Lair:3)
  2 swamp worms (Lair:2)
  A harpy simulacrum (IceCv)
  2 water moccasins (Lair:4)
  An orc warrior (D:9)
  A black bear (D:6)
  4 wolves (Lair:2)
  A centaur (D:5)
  A phantom (D:5)
  4 bullfrogs
  3 wights
  An elephant simulacrum (IceCv)
  2 howler monkeys (D:9)
  A jelly (D:8)
  An orc priest (D:5)
  4 orc wizards
  2 adders
  A dart slug (D:4)
  13 orcs
  4 ball pythons
  5 endoplasms
  A giant cockroach (D:4)
  4 goblins
  4 hobgoblins
  7 jackals
  4 quokkas
  A bat (D:3)
  3 rats
143 creatures vanquished.

Vanquished Creatures (others)
  A two-headed ogre (D:10)
  A wizard (D:10)
  2 ugly thing zombies
  2 ugly things (IceCv)
  2 cyclopes (D:11)
  Joseph (D:7)
  An ice statue (IceCv)
  A spectral elephant (Lair:3)
  Prince Ribbit (D:8)
  A spectral floating eye (Lair:5)
  An ice dragon zombie (Lair:4)
  A dire elephant simulacrum (IceCv)
  Sigmund (D:4)
  A wyvern (D:8)
  A basilisk (D:8)
  An elf zombie (D:11)
  2 two-headed ogre zombies (D:8)
  2 cane toad zombies
  An orc warrior (D:8)
  7 elephant zombies (Lair:3)
  A black bear (D:8)
  2 dream sheep zombies (Lair:3)
  7 blink frog zombies (Lair:5)
  An ogre (D:5)
  A spectral chaos spawn (Lair:5)
  A komodo dragon zombie (Lair:4)
  2 wyvern zombies (Lair:2)
  A cane toad simulacrum (IceCv)
  A human zombie (D:8)
  A water moccasin zombie (Lair:5)
  3 wights (D:8)
  2 polar bear zombies
  12 yak zombies
  A killer bee (D:8)
  7 wolf zombies
  A centaur zombie (D:10)
  4 bullfrog zombies
  6 basilisk zombies
  A jelly (D:8)
  5 killer bee zombies (D:8)
  An acid dragon zombie (D:11)
  A kobold zombie (D:8)
  A naga zombie (Lair:3)
  A howler monkey zombie (D:8)
  A jelly zombie (D:8)
  7 orc zombies
  51 fungi
  52 plants
  2 withered plants (D:1)
208 creatures vanquished.

Grand Total: 607 creatures vanquished

Notes
Turn   | Place    | Note
-------+----------+-------------------------------------------
     0 | D:1      | browni3141 the Naga Summoner began the quest for the Orb.
     0 | D:1      | Reached XP level 1. HP: 15/15 MP: 3/3
   102 | D:1      | Found a faded altar of an unknown god.
   153 | D:1      | Reached skill level 1 in Fighting
   162 | D:1      | Reached XP level 2. HP: 25/25 MP: 3/5
   340 | D:1      | Reached XP level 3. HP: 31/31 MP: 6/6
   393 | D:1      | Learned a level 2 spell: Call Imp
   397 | D:1      | Learned a level 3 spell: Call Canine Familiar
   687 | D:1      | Reached skill level 5 in Summonings
  1426 | D:2      | Reached XP level 4. HP: 38/38 MP: 5/7
  1842 | D:3      | Found a shadowy altar of Dithmenos.
  2337 | D:3      | Reached XP level 5. HP: 37/44 MP: 5/8
  2554 | D:3      | Found an opulent altar of Gozag.
  2771 | D:4      | Noticed Sigmund
  2904 | D:4      | Learned a level 3 spell: Summon Guardian Golem
  3001 | D:4      | Killed Sigmund
  3002 | D:4      | Reached XP level 6. HP: 55/55 MP: 8/10
  3075 | D:4      | Found an ancient bone altar of Kikubaaqudgha.
  3392 | D:4      | Reached XP level 7. HP: 61/61 MP: 12/12
  3473 | D:4      | Found a shimmering blue altar of Sif Muna.
  3770 | D:5      | Entered Level 5 of the Dungeon
  3822 | D:5      | Found a glowing golden altar of the Shining One.
  3823 | D:5      | Found a stormy altar of Qazlal.
  4185 | D:5      | Reached XP level 8. HP: 70/73 MP: 14/14
  4294 | D:5      | Reached skill level 5 in Fighting
  4294 | D:5      | Reached skill level 1 in Polearms
  4394 | D:5      | Reached skill level 2 in Polearms
  4464 | D:5      | Reached skill level 3 in Polearms
  4732 | D:6      | Identified 2 scrolls of acquirement
  4732 | D:6      | Acquired the +1 barding "Xeox" {Dex+5}
  4739 | D:6      | Acquired the ring of Brilliance {rN+ MP+9 Dex+2 Stlth-}
  4928 | D:6      | Found a shimmering altar of Xom.
  4971 | D:6      | Reached skill level 4 in Polearms
  5081 | D:6      | Reached skill level 5 in Polearms
  5159 | D:6      | Found an iron altar of Okawaru.
  5288 | D:6      | Identified the +10 whip of the Bursted God {flame, rPois
                  | rF+}
  5722 | D:7      | Reached skill level 6 in Polearms
  5772 | D:7      | Reached XP level 9. HP: 81/81 MP: 15/15
  6077 | D:7      | Noticed Joseph
  6095 | D:7      | Killed Joseph
  6096 | D:7      | Reached skill level 7 in Polearms
  6242 | D:7      | Reached skill level 8 in Polearms
  6247 | D:7      | Learned a level 4 spell: Summon Lightning Spire
  6304 | D:7      | Noticed Maggie
  6313 | D:7      | Killed Maggie
  6313 | D:7      | HP: 3/81 [themself] (17)]
  6431 | D:7      | Found a transporter.
  6432 | D:7      | Found a transporter.
  6433 | D:7      | Noticed Palms's ghost (novice OpEE)
  6433 | D:7      | Identified the ring "Xuisaile" {rF+ Will+ Dex+2}
  6436 | D:7      | Identified the +5 scale mail of Amelioration {-Cast rElec
                  | rC+}
  6473 | D:7      | Found a hide-covered altar of Uskayaw.
  6609 | D:7      | Found a staircase to the Ecumenical Temple.
  6621 | Temple   | Entered the Ecumenical Temple
  6848 | Temple   | Became a worshipper of Yredelemnul the Dark
  7060 | D:8      | Noticed Psyche
  7189 | D:8      | Noticed Prince Ribbit
  7189 | D:8      | Noticed a hornet
  7198 | D:8      | Killed Prince Ribbit
  7200 | D:8      | Killed a hornet
  7249 | D:8      | Reached XP level 10. HP: 87/88 MP: 16/16
  7284 | D:8      | Noticed Amaemon
  7288 | D:8      | Noticed an orange demon
  7290 | D:8      | Banished an orange demon
  7293 | D:8      | Killed Psyche
  7294 | D:8      | Reached skill level 9 in Polearms
  7312 | D:8      | Killed Amaemon
  7313 | D:8      | Reached skill level 5 in Air Magic
  7314 | D:8      | Your ally Psyche died
  7405 | D:8      | Found a runed translucent door.
  7488 | D:8      | Noticed a two-headed ogre
  7490 | D:8      | Reached * piety under Yredelemnul
  7504 | D:8      | Killed a two-headed ogre
  7505 | D:8      | Reached skill level 10 in Polearms
  7561 | D:8      | Found a runed translucent door.
  7607 | D:8      | Found a staircase to the Lair.
  7622 | D:8      | Reached skill level 11 in Polearms
  7921 | D:8      | Noticed Erica
  7960 | D:8      | Killed Erica
  7961 | D:8      | Reached skill level 12 in Polearms
  7961 | D:8      | Reached XP level 11. HP: 52/94 MP: 17/17
  7965 | D:8      | Learned a level 3 spell: Swiftness
  8284 | D:8      | Reached skill level 5 in Spellcasting
  8284 | D:8      | Noticed a two-headed ogre
  8297 | D:8      | Killed a two-headed ogre
  8356 | D:8      | Noticed a harpy
  8362 | D:8      | a harpy changed into a human
  8405 | D:8      | Identified the ring "Lonun" {rCorr Str+2 Int+6}
  8439 | D:8      | Reached ** piety under Yredelemnul
  8450 | D:8      | Noticed a cyan ugly thing
  8463 | D:8      | Killed a cyan ugly thing
  8563 | D:8      | Learned a level 2 spell: Passwall
  8568 | D:8      | Learned a level 4 spell: Olgreb's Toxic Radiance
  8674 | D:9      | Reached skill level 1 in Poison Magic
  8691 | D:9      | Reached *** piety under Yredelemnul
  8781 | D:9      | Found a transporter.
  8788 | D:9      | Noticed Nabski's ghost (novice TeFE)
  8847 | D:9      | Found a snail-covered altar of Cheibriados.
  9004 | D:9      | Found a transporter.
  9249 | D:10     | Entered Level 10 of the Dungeon
  9259 | D:10     | Noticed a two-headed ogre
  9287 | D:10     | Noticed a deep elf pyromancer
  9354 | D:10     | Noticed a deep elf pyromancer
  9356 | D:10     | Killed a deep elf pyromancer
  9361 | D:10     | Noticed a wizard
  9364 | D:10     | Killed a wizard
  9367 | D:10     | Killed a deep elf pyromancer
  9443 | D:10     | Got the Parchment of Combed Thunderclap
  9450 | D:10     | Got Ts'ui Pên's Compendium of Forking Paths
  9467 | D:10     | Reached skill level 5 in Poison Magic
  9567 | D:10     | Killed a two-headed ogre
  9666 | D:10     | Got the Codex of Plaster Cramp
  9795 | D:10     | Noticed a wizard
  9810 | D:10     | Killed a wizard
 10142 | D:11     | Noticed a cyclops
 10583 | D:11     | Reached skill level 13 in Polearms
 10785 | D:11     | Killed a cyclops
 10786 | D:11     | Reached XP level 12. HP: 83/103 MP: 23/23
 10821 | D:11     | Acquired the +1 helmet of New Discoveries {Drain rC+ rN+
                  | Str+2}
 10865 | D:11     | Learned a level 3 spell: Mephitic Cloud
 10865 | D:11     | Found a staircase to the Orcish Mines.
 11115 | D:11     | Noticed Fannar
 11135 | D:11     | Killed Fannar
 11144 | D:11     | Your ally Fannar died
 11824 | Lair:1   | Entered Level 1 of the Lair of Beasts
 11836 | Lair:1   | Reached skill level 14 in Polearms
 12390 | Lair:2   | Reached **** piety under Yredelemnul
 12392 | Lair:2   | Reached ***** piety under Yredelemnul
 12572 | Lair:2   | Noticed Gastronok
 12587 | Lair:2   | Killed Gastronok
 13027 | Lair:2   | Reached skill level 10 in Fighting
 13027 | Lair:2   | Gained mutation: You can use your snake-like lower body to
                  | constrict enemies. [Naga growth]
 13027 | Lair:2   | Reached XP level 13. HP: 35/123 MP: 25/25
 13401 | Lair:3   | Found a staircase to the Shoals.
 13521 | Lair:3   | Reached ****** piety under Yredelemnul
 13780 | Lair:3   | Reached skill level 1 in Invocations
 14105 | Lair:3   | Reached skill level 5 in Invocations
 14131 | Lair:3   | Found a staircase to the Snake Pit.
 14242 | Shoals:1 | Entered Level 1 of the Shoals
 14290 | Lair:4   | Found a frozen archway.
 14291 | Lair:4   | Noticed an ice dragon
 14297 | Lair:4   | Killed an ice dragon
 14626 | Lair:4   | Reached XP level 14. HP: 87/132 MP: 26/26
 14664 | IceCv    | Entered an ice cave
 14798 | IceCv    | Reached skill level 10 in Invocations
 15935 | Lair:4   | Found a staircase to the Slime Pits.
 16054 | Lair:5   | Entered Level 5 of the Lair of Beasts
 16893 | Lair:5   | Reached skill level 15 in Polearms
 16973 | Lair:5   | Killed from afar by a ynoxinul

Illustrated notes

Levels and vault maps discovered:
D:1:      reono_arrival_mine, layout_rooms, ebering_ecumenical_altar_petrified,
          minmay_tetromino_l4
D:2:      layout_loops_ring, minmay_randomly_rotated_circles
D:3:      layout_loops_ring, nicolae_gozag_seed_capital, lemuel_crystal_altar
D:4:      layout_loops_ring, nicolae_sif_muna_little_library,
          nicolae_kikubaaqudgha_miasma_corner, kennysheep_generic_room_15,
          uniq_sigmund
D:5:      layout_loops_ring, mainiacjoe_overflow_divided_tiny, feat_on_display
D:6:      layout_basic, led_xom_imps, okawaru_ov_weapons_minmay
D:7:      layout_loops_corners, mainiacjoe_overflow_surrounded_room,
          minmay_temple_entry_fiery, gammafunk_ghost_gnarly_gnolls,
          serial_bayou_crossing, uniq_joseph, uniq_maggie
D:8:      cheibrodos_histonic, layout_basic, david_lair_generic,
          hangedman_abyss_or_decor_passed, uniq_amaemon, uniq_psyche,
          uniq_erica, uniq_prince_ribbit1
D:9:      layout_loops_ring, mainiacjoe_overflow_boulevard,
          gammafunk_ghost_stat_death
D:10:     layout_long_grid, hex_large, bh_hangedman_babel_library
D:11:     layout_grid_maze, orc_0_dummy, uniq_fannar
Temple:   hc_temple_tempest_star
Lair:1:   layout_big_grid, lemuel_fruit_fields, grunt_megastairs_1
Lair:2:   layout_regular_city, worms_lemuel, uniq_gastronok
Lair:3:   layout_loops_ring, minmay_shoals_entry_lonely_mermaid,
          nicolae_snake_entry_squirm
Lair:4:   layout_roguey, minmay_slime_entry_oklob_open,
          portal_ice_cave_entry_animals_and_master, grunt_megastairs_5
Lair:5:   hellmonk_lair_end_abyssal_woods, layout_gridlike
Shoals:1: layout_shoals, ldierk_geyser, nicolae_shop_clearance, uniq_jorgrun,
          uniq_frances

Skill      XL: |  1  2  3  4  5  6  7  8  9 10 11 12 13 14 |
---------------+-------------------------------------------+-----
Fighting       | 1 2 4 5 10 | 10.0
Summonings     | 5 6 7 8 |  8.8
Spellcasting   | 3 4 7 8 |  8.6
Hexes          | 2 |  2.0
Polearms       | 6 8 12 13 14 15 | 15.1
Air Magic      | 4 5 |  5.0
Poison Magic   | 5 |  5.0
Invocations    | 9 12 | 12.2
Dodging        | |  1.5
Stealth        | |  3.0

Action                     |  1- 3 |  4- 6 |  7- 9 | 10-12 | 13-15 || total
---------------------------+-------+-------+-------+-------+-------++-------
  Melee: Spear             |    77 |   122 |       |       |       ||   199
         Punch             |     2 |       |       |       |     1 ||     3
         Halberd           |       |    15 |   189 |   414 |   316 ||   934
         Whip              |       |       |    23 |       |    75 ||    98
         Constrict         |       |       |       |       |    71 ||    71
   Cast: Summon Small Mamm |    23 |     5 |       |       |       ||    28
         Call Imp          |     3 |     2 |       |       |       ||     5
         Call Canine Famil |       |    13 |    22 |    22 |    17 ||    74
         Summon Guardian G |       |     1 |     8 |    28 |    11 ||    48
         Summon Lightning  |       |       |       |    12 |     8 ||    20
         Olgreb's Toxic Ra |       |       |       |     2 |     2 ||     4
         Mephitic Cloud    |       |       |       |       |     2 ||     2
 Invoke: Recall Undead Har |       |       |       |       |     1 ||     1
         Bind Soul         |       |       |       |       |     1 ||     1
Ability: Spit Poison       |    11 |     2 |     1 |       |       ||    14
  Evoke: Wand              |       |       |     2 |    14 |     2 ||    18
         Condenser vane    |       |       |       |     1 |     1 ||     2
    Use: Scroll            |       |     5 |     6 |     7 |     1 ||    19
         Potion            |       |       |     1 |     5 |     1 ||     7
   Stab: Sleeping          |     1 |     4 |     3 |     3 |       ||    11
         Distracted        |       |     1 |       |    13 |     5 ||    19
         Invisible         |       |       |       |     1 |       ||     1
         Confused          |       |       |       |       |     2 ||     2
 Armour: Robe              |    30 |    54 |    81 |   186 |   207 ||   558
  Dodge: Dodged            |    45 |    77 |    94 |   125 |   132 ||   473

Table legend: (Time is in decaauts)
 A = Elapsed time spent in this place.
 B = Non-inter-level travel time spent in this place.
 C = Inter-level travel time spent in this place.
 D = Time resting spent in this place.
 E = Time spent auto-exploring this place.
 F = Levels seen in this place.
 G = Mean time per level.
                   A        B        C        D        E       F      G
               +--------+--------+--------+--------+--------+-----+--------+
         Total |  21461 |  20237 |   1224 |   1713 |  13877 |  19 | 1129.5 |
       Dungeon |  14721 |  13750 |    971 |   1091 |   9956 |  11 | 1338.3 |
        Temple |    338 |    282 |     56 |      0 |    264 |   1 |  338.0 |
          Lair |   5607 |   5411 |    196 |    358 |   3548 |   5 | 1121.4 |
        Shoals |      1 |      1 |      0 |      0 |      0 |   1 |    1.0 |
      Ice Cave |    793 |    793 |      0 |    264 |    107 |   1 |  793.0 |
               +--------+--------+--------+--------+--------+-----+--------+

Top non-repeatable levels by time:
    D:11: 1844 daAuts
     D:8: 1729 daAuts
     D:7: 1523 daAuts
  Lair:4: 1442 daAuts
     D:6: 1328 daAuts
  Lair:2: 1309 daAuts
     D:4: 1290 daAuts
  Lair:3: 1278 daAuts
     D:5: 1246 daAuts
     D:1: 1210 daAuts
     D:3: 1185 daAuts
    D:10: 1170 daAuts
     D:2: 1159 daAuts
  Lair:5: 1095 daAuts
     D:9: 1032 daAuts
